[ AOE2 MATCH · #469845110 ]
Team RMBritons vs Ethiopians
[ REPLAY ANALYSIS · EXTRACTED FROM THE RECORDED GAME ]
Feudal
11:09
Castle
26:44
Imperial
—
| APM avg | 17.7 |
| APM peak | 38 |
| eAPM avg | 10.3 |
| Villagers / military | 97 / 98 |
Focus
⚔️ 18.6% · 🌾 81.4%
Archer ×70 · Longbowman ×15 · Skirmisher ×8 · Spearman ×4 · Monk ×1
Feudal
9:26
Castle
18:59
Imperial
37:40
| APM avg | 21.2 |
| APM peak | 50 |
| eAPM avg | 13.8 |
| Villagers / military | 93 / 87 |
Focus
⚔️ 14.3% · 🌾 85.7%
Knight ×54 · Throwing Axeman ×25 · Trebuchet (Packed) ×6 · Monk ×1 · Scout Cavalry ×1
Feudal
13:35
Castle
20:25
Imperial
34:52
| APM avg | 22.8 |
| APM peak | 45 |
| eAPM avg | 13.4 |
| Villagers / military | 112 / 78 |
Focus
⚔️ 26.0% · 🌾 74.0%
Archer ×44 · Spearman ×24 · Trebuchet (Packed) ×6 · Mangonel ×3 · Monk ×1
Feudal
15:03
Castle
20:07
Imperial
—
| APM avg | 17.1 |
| APM peak | 49 |
| eAPM avg | 9.7 |
| Villagers / military | 72 / 60 |
Focus
⚔️ 30.3% · 🌾 69.7%
Fire Lancer ×40 · Skirmisher ×9 · Battering Ram ×8 · Spearman ×3
Match map
Initial resources + every placement click. Lines = walls · curves = elevation contours. ◆ gold · ⬟ stone · ● berries · ✦ relic · ◌ wall gap
Your base· ✓ Map-separated
Chuchoelguanche's base· ✓ Map-separated
Dr.Ogen's base· ✓ Map-separated
tijmenjeen's base· ✓ Map-separated
Smoothed initial terrain · ◌ = detected wall gap · hover for details
Inputs per minute
— mckiwen - - Chuchoelguanche
Build order — mckiwen
First 150 of 234 actions detected
| 0:03 | Create | Villager (Male) |
| 0:04 | Create | Villager (Male) ×3 |
| 0:06 | Research | Loom |
| 0:10 | Build | House |
| 1:29 | Create | Villager (Male) |
| 2:01 | Create | Villager (Male) |
| 2:32 | Create | Villager (Male) |
| 3:16 | Build | House |
| 3:18 | Create | Villager (Male) |
| 3:19 | Create | Villager (Male) |
| 3:46 | Build | House |
| 3:59 | Build | House |
| 4:04 | Create | Villager (Male) |
| 4:26 | Create | Villager (Male) |
| 4:42 | Create | Villager (Male) |
| 4:43 | Create | Villager (Male) |
| 5:12 | Create | Villager (Male) |
| 5:30 | Create | Villager (Male) |
| 6:20 | Create | Villager (Male) |
| 6:41 | Build | House |
| 6:50 | Create | Villager (Male) |
| 7:14 | Build | Mill |
| 7:24 | Research | Loom |
| 8:05 | Create | Villager (Male) |
| 8:24 | Build | Lumber Camp |
| 8:34 | Create | Villager (Male) |
| 8:48 | Research | Feudal Age |
| 9:22 | Build | House |
| 9:23 | Build | House |
| 10:19 | Build | Mining Camp |
| 11:09 | Age | Feudal Age |
| 11:14 | Create | Villager (Male) |
| 11:15 | Create | Villager (Male) |
| 11:15 | Create | Villager (Male) |
| 11:18 | Create | Villager (Male) |
| 11:19 | Create | Villager (Male) |
| 11:38 | Build | Farm |
| 11:38 | Build | Farm |
| 11:39 | Build | Farm |
| 11:39 | Build | Farm |
| 11:39 | Build | Farm |
| 11:40 | Build | Farm |
| 12:18 | Create | Villager (Male) |
| 12:18 | Create | Villager (Male) |
| 12:18 | Create | Villager (Male) |
| 12:29 | Build | Farm |
| 12:59 | Build | Barracks |
| 13:03 | Create | Villager (Male) |
| 13:13 | Build | House |
| 13:14 | Build | House |
| 13:16 | Build | House |
| 13:19 | Build | House |
| 13:26 | Create | Villager (Male) |
| 13:27 | Create | Villager (Male) |
| 13:36 | Build | Farm |
| 13:53 | Build | Lumber Camp |
| 14:41 | Build | Archery Range |
| 14:55 | Create | Spearman |
| 14:55 | Create | Spearman |
| 14:56 | Create | Villager (Male) |
| 14:58 | Research | Wheelbarrow |
| 15:15 | Build | Farm |
| 15:22 | Build | Farm |
| 15:35 | Research | Horse Collar |
| 15:43 | Create | Archer |
| 15:43 | Create | Archer |
| 15:58 | Build | Lumber Camp |
| 16:16 | Build | Mining Camp |
| 16:19 | Create | Villager (Male) |
| 16:39 | Create | Archer |
| 16:39 | Create | Archer |
| 16:52 | Create | Archer |
| 17:09 | Build | Archery Range |
| 17:25 | Build | Farm |
| 17:31 | Create | Villager (Male) |
| 17:31 | Create | Villager (Male) |
| 17:31 | Create | Villager (Male) |
| 17:36 | Build | Farm |
| 17:43 | Build | Farm |
| 17:52 | Research | Double-Bit Axe |
| 17:53 | Create | Villager (Male) |
| 17:59 | Create | Archer ×5 |
| 18:09 | Create | Spearman |
| 18:10 | Create | Spearman |
| 18:40 | Build | Farm |
| 18:41 | Build | Farm |
| 18:43 | Build | Farm |
| 18:50 | Build | House |
| 18:52 | Build | House |
| 18:54 | Build | House |
| 19:09 | Research | Gold Mining |
| 19:10 | Research | Stone Mining |
| 19:53 | Create | Archer ×3 |
| 20:35 | Create | Villager (Male) |
| 20:36 | Create | Villager (Male) |
| 20:36 | Create | Villager (Male) |
| 20:36 | Create | Villager (Male) |
| 20:48 | Build | Farm |
| 20:49 | Build | Farm |
| 20:49 | Build | Farm |
| 20:49 | Build | Farm |
| 20:50 | Build | Farm |
| 20:50 | Build | Farm |
| 20:50 | Build | Farm |
| 20:51 | Build | Farm |
| 20:51 | Build | Farm |
| 20:51 | Build | Farm |
| 20:56 | Create | Villager (Male) |
| 20:56 | Create | Villager (Male) |
| 22:16 | Build | Blacksmith |
| 22:39 | Build | Market |
| 22:46 | Create | Villager (Male) |
| 22:46 | Create | Villager (Male) |
| 22:48 | Create | Villager (Male) |
| 23:30 | Build | Farm |
| 23:34 | Build | Farm |
| 23:40 | Build | Farm |
| 24:04 | Research | Castle Age |
| 24:13 | Create | Archer ×4 |
| 24:21 | Create | Skirmisher ×5 |
| 24:22 | Create | Skirmisher ×3 |
| 24:40 | Build | House |
| 24:42 | Build | House |
| 24:43 | Build | House |
| 24:44 | Build | House |
| 24:51 | Research | Town Watch |
| 24:55 | Create | Villager (Male) |
| 24:55 | Create | Villager (Male) |
| 24:59 | Create | Villager (Male) |
| 26:44 | Age | Castle Age |
| 26:47 | Build | Town Center |
| 27:23 | Research | Fletching |
| 27:23 | Research | Padded Archer Armor |
| 27:27 | Research | Crossbowman (upgrade) |
| 27:28 | Research | Elite Skirmisher (upgrade) |
| 27:35 | Create | Archer ×5 |
| 27:35 | Create | Archer ×5 |
| 28:15 | Create | Archer ×4 |
| 28:18 | Create | Villager (Male) |
| 28:18 | Create | Villager (Male) |
| 28:18 | Create | Villager (Male) |
| 28:19 | Create | Villager (Male) |
| 28:20 | Create | Villager (Male) |
| 28:20 | Create | Villager (Male) |
| 28:20 | Create | Villager (Male) |
| 28:20 | Create | Villager (Male) |
| 28:21 | Create | Villager (Male) |
| 28:21 | Create | Villager (Male) |
| 28:21 | Create | Villager (Male) |
| 28:21 | Create | Villager (Male) |
Build order — Chuchoelguanche
First 150 of 271 actions detected
| 0:03 | Create | Villager (Male) |
| 0:03 | Create | Villager (Male) |
| 0:03 | Create | Villager (Male) |
| 0:04 | Create | Villager (Male) |
| 0:04 | Create | Villager (Male) |
| 0:06 | Build | House |
| 0:08 | Build | House |
| 1:28 | Build | Lumber Camp |
| 1:34 | Create | Villager (Male) |
| 2:06 | Create | Villager (Male) |
| 3:24 | Create | Villager (Male) |
| 3:24 | Create | Villager (Male) |
| 3:35 | Build | House |
| 3:43 | Create | Villager (Male) |
| 4:42 | Create | Villager (Male) |
| 4:42 | Create | Villager (Male) |
| 4:42 | Create | Villager (Male) |
| 4:42 | Create | Villager (Male) |
| 6:31 | Build | Mill |
| 7:16 | Research | Feudal Age |
| 7:49 | Build | House |
| 8:04 | Create | Villager (Male) |
| 8:04 | Create | Villager (Male) |
| 9:26 | Age | Feudal Age |
| 9:27 | Research | Double-Bit Axe |
| 9:39 | Build | Farm |
| 9:40 | Build | Farm |
| 9:40 | Build | Farm |
| 9:41 | Build | Farm |
| 9:41 | Build | Farm |
| 9:50 | Create | Villager (Male) |
| 9:50 | Create | Villager (Male) |
| 10:16 | Build | Lumber Camp |
| 10:26 | Create | Villager (Male) |
| 10:27 | Create | Villager (Male) |
| 10:52 | Create | Villager (Male) |
| 10:52 | Create | Villager (Male) |
| 10:53 | Create | Villager (Male) |
| 11:08 | Build | Farm |
| 11:22 | Build | Farm |
| 11:31 | Build | House |
| 11:33 | Build | Farm |
| 12:18 | Build | Barracks |
| 12:26 | Build | Farm |
| 12:40 | Build | Mining Camp |
| 12:50 | Build | Farm |
| 13:03 | Build | House |
| 13:15 | Create | Villager (Male) |
| 13:15 | Create | Villager (Male) |
| 13:16 | Create | Villager (Male) |
| 13:16 | Create | Villager (Male) |
| 13:16 | Create | Villager (Male) |
| 13:42 | Build | Farm |
| 13:48 | Build | Farm |
| 14:05 | Build | Blacksmith |
| 15:05 | Build | Farm |
| 15:10 | Build | Farm |
| 15:15 | Build | Market |
| 15:28 | Build | Farm |
| 15:30 | Build | Farm |
| 15:40 | Create | Villager (Male) |
| 16:19 | Research | Castle Age |
| 16:27 | Build | Stable |
| 16:28 | Build | Stable |
| 16:42 | Research | Forging |
| 16:42 | Research | Scale Barding Armor |
| 16:54 | Build | House |
| 16:55 | Build | House |
| 16:57 | Build | House |
| 17:07 | Research | Stone Mining |
| 17:07 | Research | Gold Mining |
| 18:03 | Create | Villager (Male) |
| 18:04 | Create | Villager (Male) |
| 18:04 | Create | Villager (Male) |
| 18:48 | Research | Wheelbarrow |
| 18:59 | Age | Castle Age |
| 19:01 | Build | Town Center |
| 19:09 | Build | Stable |
| 19:20 | Create | Villager (Male) |
| 19:28 | Create | Villager (Male) |
| 19:28 | Create | Villager (Male) |
| 19:32 | Research | Bow Saw |
| 19:56 | Build | House |
| 20:31 | Create | Villager (Male) |
| 20:31 | Create | Villager (Male) |
| 20:32 | Create | Villager (Male) |
| 20:32 | Create | Villager (Male) |
| 21:01 | Build | Town Center |
| 21:09 | Create | Villager (Male) |
| 21:09 | Create | Villager (Male) |
| 21:10 | Create | Villager (Male) |
| 21:10 | Create | Villager (Male) |
| 21:11 | Create | Villager (Male) |
| 21:31 | Build | Monastery |
| 21:35 | Create | Villager (Male) |
| 21:36 | Create | Villager (Male) |
| 21:36 | Create | Villager (Male) |
| 21:36 | Create | Villager (Male) |
| 21:37 | Create | Villager (Male) |
| 21:37 | Create | Villager (Male) |
| 21:52 | Create | Villager (Male) |
| 21:52 | Create | Villager (Male) |
| 21:53 | Research | Loom |
| 21:53 | Create | Villager (Male) |
| 21:54 | Create | Villager (Male) |
| 22:18 | Create | Monk |
| 22:32 | Research | Husbandry |
| 22:33 | Create | Knight |
| 22:59 | Build | Mining Camp |
| 23:09 | Build | Farm |
| 23:09 | Build | Farm |
| 23:10 | Build | Farm |
| 23:10 | Build | Farm |
| 23:10 | Build | Farm |
| 23:10 | Build | Farm |
| 23:29 | Create | Villager (Male) |
| 23:29 | Create | Villager (Male) |
| 23:30 | Create | Villager (Male) |
| 23:30 | Create | Villager (Male) |
| 23:30 | Create | Villager (Male) |
| 23:31 | Create | Villager (Male) |
| 23:31 | Create | Villager (Male) |
| 23:49 | Build | House |
| 23:50 | Build | House |
| 23:52 | Build | House |
| 23:53 | Build | House |
| 23:54 | Build | House |
| 23:54 | Build | House |
| 23:54 | Build | House |
| 23:54 | Build | House |
| 24:03 | Create | Villager (Male) |
| 24:03 | Create | Villager (Male) |
| 24:03 | Create | Villager (Male) |
| 24:06 | Create | Villager (Male) |
| 24:26 | Build | Farm |
| 24:42 | Build | Farm |
| 25:20 | Build | Lumber Camp |
| 25:43 | Create | Knight |
| 25:44 | Create | Knight |
| 25:44 | Create | Knight |
| 25:45 | Create | Knight |
| 25:45 | Create | Knight |
| 25:45 | Create | Knight |
| 25:46 | Create | Knight |
| 25:46 | Create | Knight |
| 25:47 | Create | Knight |
| 25:47 | Create | Knight |
| 25:52 | Build | Farm |
| 25:56 | Build | Farm |
| 25:56 | Build | Farm |
Build order — Dr.Ogen
First 150 of 308 actions detected
| 0:00 | Create | Villager (Male) |
| 0:00 | Create | Villager (Male) |
| 0:03 | Build | House |
| 0:05 | Build | House |
| 0:18 | Create | Villager (Male) |
| 0:18 | Create | Villager (Male) |
| 1:27 | Create | Villager (Male) |
| 1:47 | Build | Lumber Camp |
| 1:52 | Create | Villager (Male) |
| 2:20 | Create | Villager (Male) |
| 2:47 | Create | Villager (Male) |
| 2:47 | Create | Villager (Male) |
| 3:07 | Create | Villager (Male) |
| 3:07 | Create | Villager (Male) |
| 3:45 | Create | Villager (Male) |
| 3:46 | Create | Villager (Male) |
| 4:00 | Create | Villager (Male) |
| 4:00 | Create | Villager (Male) |
| 4:30 | Build | House |
| 4:32 | Research | Loom |
| 4:58 | Create | Villager (Male) |
| 4:58 | Create | Villager (Male) |
| 5:02 | Create | Villager (Male) |
| 5:03 | Create | Villager (Male) |
| 6:01 | Build | House |
| 6:02 | Create | Villager (Male) |
| 6:29 | Create | Villager (Male) |
| 6:46 | Create | Villager (Male) |
| 6:49 | Create | Villager (Male) |
| 7:07 | Create | Villager (Male) |
| 7:07 | Create | Villager (Male) |
| 7:17 | Build | Lumber Camp |
| 7:18 | Create | Villager (Male) |
| 7:19 | Create | Villager (Male) |
| 7:46 | Create | Villager (Male) |
| 8:02 | Build | House |
| 8:04 | Create | Villager (Male) |
| 8:11 | Create | Villager (Male) |
| 8:31 | Create | Villager (Male) |
| 8:39 | Create | Villager (Male) |
| 8:46 | Create | Villager (Male) |
| 9:19 | Build | Mill |
| 9:20 | Create | Villager (Male) |
| 10:17 | Build | Mining Camp |
| 10:27 | Create | Villager (Male) |
| 10:36 | Build | Farm |
| 10:37 | Build | Farm |
| 10:48 | Build | Farm |
| 10:53 | Build | House |
| 10:58 | Build | Palisade Wall |
| 11:00 | Create | Villager (Male) |
| 11:02 | Research | Feudal Age |
| 11:12 | Build | Farm |
| 11:18 | Build | Farm |
| 11:24 | Build | Farm |
| 11:31 | Build | Farm |
| 11:45 | Build | Palisade Wall |
| 11:50 | Build | Palisade Gate |
| 12:00 | Build | Barracks |
| 12:16 | Build | Farm |
| 12:27 | Build | Farm |
| 12:44 | Build | Farm |
| 13:28 | Create | Villager (Male) |
| 13:35 | Age | Feudal Age |
| 13:38 | Create | Spearman |
| 13:39 | Create | Villager (Male) |
| 13:55 | Build | Archery Range |
| 13:59 | Research | Double-Bit Axe |
| 14:07 | Build | Farm |
| 14:11 | Build | House |
| 14:19 | Create | Villager (Male) |
| 14:19 | Create | Villager (Male) |
| 14:25 | Build | Farm |
| 14:38 | Create | Villager (Male) |
| 14:45 | Build | Farm |
| 14:50 | Build | Blacksmith |
| 14:52 | Create | Villager (Male) |
| 15:02 | Build | Farm |
| 15:08 | Create | Archer |
| 15:08 | Create | Archer |
| 15:08 | Create | Archer |
| 15:09 | Create | Archer |
| 15:17 | Build | Farm |
| 15:18 | Create | Villager (Male) |
| 15:33 | Build | House |
| 15:43 | Create | Archer |
| 15:44 | Create | Archer |
| 15:44 | Create | Archer |
| 15:51 | Build | Farm |
| 16:03 | Build | Farm |
| 16:09 | Create | Villager (Male) |
| 16:18 | Research | Horse Collar |
| 16:39 | Create | Villager (Male) |
| 16:47 | Create | Archer |
| 16:48 | Create | Archer |
| 16:48 | Create | Archer |
| 16:49 | Create | Archer |
| 16:49 | Create | Archer |
| 16:49 | Create | Archer |
| 17:13 | Build | Archery Range |
| 17:14 | Create | Villager (Male) |
| 17:22 | Create | Spearman |
| 17:38 | Research | Castle Age |
| 17:53 | Build | House |
| 18:22 | Create | Villager (Male) |
| 18:29 | Research | Fletching |
| 18:35 | Create | Archer |
| 18:36 | Create | Archer |
| 18:36 | Create | Archer |
| 18:36 | Create | Archer |
| 18:37 | Create | Archer |
| 18:37 | Create | Archer |
| 18:41 | Build | House |
| 18:52 | Build | House |
| 18:55 | Create | Spearman |
| 18:55 | Create | Spearman |
| 18:55 | Create | Spearman |
| 19:03 | Research | Gold Mining |
| 19:26 | Build | Farm |
| 19:33 | Build | House |
| 20:01 | Create | Archer ×2 |
| 20:01 | Create | Archer ×2 |
| 20:25 | Age | Castle Age |
| 20:32 | Research | Thumb Ring |
| 20:37 | Research | Crossbowman (upgrade) |
| 20:59 | Research | Bodkin Arrow |
| 21:08 | Build | Town Center |
| 21:24 | Create | Villager (Male) |
| 21:24 | Create | Villager (Male) |
| 21:38 | Create | Archer ×5 |
| 21:38 | Create | Archer ×5 |
| 21:40 | Create | Villager (Male) |
| 22:03 | Create | Villager (Male) |
| 22:18 | Create | Villager (Male) |
| 22:21 | Build | House |
| 22:23 | Build | House |
| 22:29 | Create | Villager (Male) |
| 22:37 | Create | Villager (Male) |
| 22:52 | Create | Villager (Male) |
| 23:04 | Create | Archer ×5 |
| 23:04 | Create | Archer ×5 |
| 23:04 | Create | Archer |
| 23:32 | Build | House |
| 23:38 | Build | House |
| 23:53 | Create | Villager (Male) |
| 23:54 | Create | Villager (Male) |
| 24:04 | Build | University |
| 24:19 | Build | Monastery |
| 24:26 | Create | Villager (Male) |
| 24:26 | Create | Villager (Male) |
Build order — tijmenjeen
First 150 of 213 actions detected
| 0:00 | Create | Villager (Male) |
| 0:01 | Create | Villager (Male) |
| 0:01 | Create | Villager (Male) |
| 0:03 | Build | House |
| 0:04 | Build | House |
| 0:31 | Create | Villager (Male) |
| 1:46 | Create | Villager (Male) |
| 1:46 | Create | Villager (Male) |
| 1:53 | Build | Lumber Camp |
| 2:35 | Create | Villager (Male) |
| 2:36 | Create | Villager (Male) |
| 2:57 | Create | Villager (Male) |
| 2:58 | Create | Villager (Male) |
| 4:01 | Create | Villager (Male) |
| 4:52 | Create | Villager (Male) |
| 4:53 | Create | Villager (Male) |
| 5:23 | Build | House |
| 5:26 | Research | Loom |
| 5:58 | Create | Villager (Male) |
| 5:58 | Create | Villager (Male) |
| 6:57 | Build | House |
| 7:14 | Build | Mill |
| 7:53 | Create | Villager (Male) |
| 7:53 | Create | Villager (Male) |
| 8:38 | Build | Farm |
| 9:14 | Build | Farm |
| 9:16 | Create | Villager (Male) |
| 9:17 | Create | Villager (Male) |
| 9:24 | Build | Farm |
| 10:38 | Build | Lumber Camp |
| 10:43 | Create | Villager (Male) |
| 10:43 | Create | Villager (Male) |
| 11:09 | Build | Farm |
| 11:27 | Build | Farm |
| 11:30 | Create | Villager (Male) |
| 11:49 | Build | House |
| 12:03 | Create | Villager (Male) |
| 12:03 | Create | Villager (Male) |
| 12:07 | Research | Feudal Age |
| 12:28 | Build | Farm |
| 12:39 | Build | Farm |
| 12:47 | Build | Farm |
| 12:59 | Build | Mining Camp |
| 13:07 | Build | Farm |
| 13:10 | Build | Farm |
| 13:10 | Build | Farm |
| 13:11 | Build | Farm |
| 13:42 | Build | Farm |
| 14:03 | Build | Farm |
| 14:48 | Create | Villager (Male) |
| 14:48 | Create | Villager (Male) |
| 15:03 | Age | Feudal Age |
| 15:18 | Build | Blacksmith |
| 15:34 | Build | Market |
| 15:44 | Research | Horse Collar |
| 15:47 | Research | Double-Bit Axe |
| 15:49 | Create | Villager (Male) |
| 16:13 | Build | House |
| 16:27 | Build | Mining Camp |
| 16:37 | Create | Villager (Male) |
| 16:38 | Create | Villager (Male) |
| 16:54 | Build | Barracks |
| 17:07 | Research | Castle Age |
| 18:16 | Build | Archery Range |
| 18:33 | Create | Villager (Male) |
| 18:33 | Create | Villager (Male) |
| 20:07 | Age | Castle Age |
| 20:16 | Build | Archery Range |
| 20:33 | Research | Fletching |
| 20:33 | Research | Padded Archer Armor |
| 20:35 | Create | Villager (Male) |
| 20:43 | Research | Bow Saw |
| 20:45 | Create | Villager (Male) |
| 20:57 | Research | Elite Skirmisher (upgrade) |
| 20:59 | Create | Skirmisher |
| 20:59 | Create | Skirmisher |
| 21:00 | Create | Skirmisher |
| 21:12 | Research | Thumb Ring |
| 21:27 | Create | Villager (Male) |
| 22:57 | Build | House |
| 23:27 | Create | Skirmisher |
| 23:27 | Create | Skirmisher |
| 23:31 | Research | Bodkin Arrow |
| 23:34 | Research | Leather Archer Armor |
| 23:44 | Build | House |
| 23:45 | Build | House |
| 24:01 | Create | Villager (Male) |
| 24:02 | Create | Villager (Male) |
| 24:12 | Build | Town Center |
| 24:21 | Build | House |
| 24:49 | Create | Skirmisher |
| 25:13 | Create | Villager (Male) |
| 25:14 | Create | Villager (Male) |
| 26:04 | Build | University |
| 26:11 | Create | Villager (Male) |
| 26:14 | Research | Wheelbarrow |
| 26:15 | Create | Villager (Male) |
| 26:33 | Create | Skirmisher |
| 27:02 | Build | Castle |
| 28:33 | Build | Castle |
| 28:41 | Create | Skirmisher |
| 28:42 | Create | Skirmisher |
| 29:02 | Create | Spearman |
| 29:09 | Research | Pikeman (upgrade) |
| 29:09 | Create | Villager (Male) |
| 29:10 | Create | Villager (Male) |
| 29:10 | Create | Villager (Male) |
| 29:20 | Build | Town Center |
| 29:39 | Create | Villager (Male) |
| 29:39 | Create | Villager (Male) |
| 29:39 | Create | Villager (Male) |
| 29:40 | Create | Villager (Male) |
| 29:41 | Build | Farm |
| 30:03 | Build | Castle |
| 30:13 | Create | Spearman |
| 30:14 | Create | Spearman |
| 30:19 | Create | Fire Lancer |
| 30:19 | Create | Fire Lancer |
| 30:24 | Research | Scale Mail Armor |
| 30:25 | Research | Forging |
| 30:29 | Create | Villager (Male) |
| 30:29 | Create | Villager (Male) |
| 30:29 | Create | Villager (Male) |
| 30:30 | Create | Villager (Male) |
| 30:32 | Build | Farm |
| 30:36 | Build | Farm |
| 30:41 | Research | Ballistics |
| 30:49 | Build | House |
| 30:49 | Build | House |
| 30:49 | Build | House |
| 30:56 | Build | Farm |
| 31:10 | Create | Villager (Male) |
| 32:09 | Build | Barracks |
| 32:19 | Build | Lumber Camp |
| 32:29 | Research | Chain Mail Armor |
| 32:33 | Create | Fire Lancer |
| 32:33 | Create | Fire Lancer |
| 32:33 | Create | Fire Lancer |
| 32:48 | Build | Siege Workshop |
| 33:00 | Build | Lumber Camp |
| 33:07 | Build | House |
| 33:07 | Build | House |
| 33:08 | Create | Villager (Male) |
| 33:09 | Create | Villager (Male) |
| 33:09 | Create | Villager (Male) |
| 33:09 | Create | Villager (Male) |
| 33:22 | Research | Heavy Plow |
| 33:32 | Create | Fire Lancer |
| 33:32 | Create | Fire Lancer |
| 33:57 | Create | Battering Ram |
Match timeline
| 9:26 | Chuchoelguanche · age_up feudal |
| 10:58 | Dr.Ogen · wall_segment Palisade Wall x3 |
| 11:09 | mckiwen · age_up feudal |
| 11:45 | Dr.Ogen · wall_segment Palisade Wall x10 |
| 12:00 | Dr.Ogen · first_building Barracks |
| 12:18 | Chuchoelguanche · first_building Barracks |
| 12:59 | mckiwen · first_building Barracks |
| 13:35 | Dr.Ogen · age_up feudal |
| 13:55 | Dr.Ogen · first_building Archery Range |
| 14:41 | mckiwen · first_building Archery Range |
| 15:03 | tijmenjeen · age_up feudal |
| 16:27 | Chuchoelguanche · first_building Stable |
| 16:54 | tijmenjeen · first_building Barracks |
| 18:16 | tijmenjeen · first_building Archery Range |
| 18:59 | Chuchoelguanche · age_up castle |
| 20:07 | tijmenjeen · age_up castle |
| 20:25 | Dr.Ogen · age_up castle |
| 20:47 | Chuchoelguanche · first_market_buy 100 wood |
| 21:31 | Chuchoelguanche · first_building Monastery |
| 24:19 | Dr.Ogen · first_building Monastery |
| 26:44 | mckiwen · age_up castle |
| 27:02 | tijmenjeen · first_building Castle |
| 27:31 | Dr.Ogen · first_building Siege Workshop |
| 29:08 | Chuchoelguanche · first_building Castle |
| 30:35 | mckiwen · first_building Monastery |
| 32:48 | tijmenjeen · first_building Siege Workshop |
| 32:50 | mckiwen · first_building Castle |
| 34:42 | Dr.Ogen · first_building Castle |
| 34:52 | Dr.Ogen · age_up imperial |
| 36:16 | mckiwen · wall_segment Palisade Wall x1 |
| 36:22 | mckiwen · wall_segment Palisade Wall x7 |
| 36:32 | mckiwen · wall_segment Palisade Wall x4 |
| 37:40 | Chuchoelguanche · age_up imperial |
| 41:19 | tijmenjeen · resign |
[ AI ANALYSIS · 1 CREDIT ]
What really happened in this match?
Wolo.gg analyzes every decision: build order, eco, micro, common mistakes by bracket. Personalized analysis on WhatsApp or Discord in 30 seconds.
Civ guide
Britons
Map guide
Hill Fort
Perfil
Jugador #385789